PR
VALLEY VIEW COUGARS @ WINTER HAVEN SUN SOX
07/12/2034
 
TOP OF THE 1ST
Valley View Cougars batting - Pitching for Winter Haven Sun Sox : LHP Markus Martin
Pitching: LHP Markus Martin
Batting: RHB Gene Payne 0-0: Fly out, F9 (Flyball, 89S)
Batting: LHB Guan-pei Bei 0-0: Called Strike
0-1: Foul Ball, location: 2F
0-2: Ball
1-2: Foul Ball, location: 2F
1-2: Strikes out looking
Batting: SHB Jesús Beldad 0-0: Ball
1-0: Called Strike
1-1: Foul Ball, location: 2F
1-2: Ball
2-2: Strikes out swinging
Top of the 1st over - 0 runs, 0 hits, 0 errors, 0 left on base; Valley View 0 - Winter Haven 0
BOTTOM OF THE 1ST
Winter Haven Sun Sox batting - Pitching for Valley View Cougars : RHP Malcolm Bullard
Pitching: RHP Malcolm Bullard
Batting: LHB Pat Carter 0-0: Ball
1-0: Foul Ball, location: 2F
1-1: Ground out 6-3 (Groundball, 6M)
Batting: RHB Tom Camden 0-0: Called Strike
0-1: Ball
1-1: DOUBLE (Flyball, 8RD)
Batting: RHB Paul Bader 0-0: Called Strike
0-1: Hit by Pitch
Batting: LHB Matt McClendon 0-0: Called Strike
0-1: Foul Ball, location: 2F
0-2: Strikes out looking
Pitching: RHP Michinori Nakamura
Batting: RHB Raheem Sterling 0-0: Called Strike
0-1: Foul Ball, location: 2F
0-2: Ball
1-2: Strikes out looking
Bottom of the 1st over - 0 runs, 1 hit, 0 errors, 2 left on base; Valley View 0 - Winter Haven 0
TOP OF THE 2ND
Valley View Cougars batting - Pitching for Winter Haven Sun Sox : LHP Markus Martin
Batting: RHB Luis Rodríguez 0-0: SINGLE (Groundball, 6M) (infield hit)
Batting: LHB Tim Gonzáles 0-0: Foul Ball, location: 2F
0-1: Foul Ball, location: 2F
0-2: Strikes out swinging
Batting: RHB Salvador Hernández 0-0: Ball
1-0: Ball
2-0: Ball
3-0: Called Strike
3-1: Fly out, F7 (Line Drive, 7)
Batting: LHB Bill Stanton 0-0: Called Strike
0-1: Ball
1-1: SINGLE (Groundball, 4MD)
Luis Rodríguez to second
Runner from 2nd tries for 3rd, SAFE, throw made to third
Batting: LHB Ricardo Yates 0-0: Ball
1-0: Foul Ball, location: 2F
1-1: Ball
2-1: Ball
3-1: Called Strike
3-2: Strikes out swinging
Top of the 2nd over - 0 runs, 2 hits, 0 errors, 2 left on base; Valley View 0 - Winter Haven 0
BOTTOM OF THE 2ND
Winter Haven Sun Sox batting - Pitching for Valley View Cougars : RHP Michinori Nakamura
Batting: LHB Fernando Negrete 0-0: Foul Ball, location: 2F
0-1: Ball
1-1: Bunted foul
1-2: Ground out 5-3 (Groundball, 56)
Batting: RHB Yu-bao Wie 0-0: Ball
1-0: Ground out 4-3 (Groundball, 34)
Batting: RHB Jeff Bowers 0-0: Foul Ball, location: 2F
0-1: Ball
1-1: Foul Ball, location: 2F
1-2: Strikes out looking
Bottom of the 2nd over - 0 runs, 0 hits, 0 errors, 0 left on base; Valley View 0 - Winter Haven 0
TOP OF THE 3RD
Valley View Cougars batting - Pitching for Winter Haven Sun Sox : LHP Markus Martin
Batting: SHB Marc Cadiou 0-0: Ball
1-0: Called Strike
1-1: Ball
2-1: Called Strike
2-2: Reached on error, E6 (Groundball, 6)
Batting: RHB Gene Payne 0-0: Swinging Strike
0-1: Grounds into double play, 1-6-3 (Groundball, 13)
Batting: LHB Guan-pei Bei 0-0: Ball
1-0: Called Strike
1-1: Foul Ball, location: 2F
1-2: Foul Ball, location: 2F
1-2: Ball
2-2: Fly out, F3 (Popup, 34S)
Top of the 3rd over - 0 runs, 0 hits, 1 error, 0 left on base; Valley View 0 - Winter Haven 0
BOTTOM OF THE 3RD
Winter Haven Sun Sox batting - Pitching for Valley View Cougars : RHP Michinori Nakamura
Batting: LHB Thomas Careless 0-0: Ball
1-0: Fly out, F6 (Line Drive, 6)
Batting: LHB Pat Carter 0-0: Swinging Strike
0-1: Ball
1-1: Ball
2-1: Ground out 5-3 (Groundball, 5)
Batting: RHB Tom Camden 0-0: SINGLE (Groundball, 34S) (infield hit)
Batting: RHB Paul Bader 0-0: Called Strike
0-1: Ball
1-1: Swinging Strike
1-2: Ball
2-2: Fly out, F9 (Flyball, 9S)
Bottom of the 3rd over - 0 runs, 1 hit, 0 errors, 1 left on base; Valley View 0 - Winter Haven 0
TOP OF THE 4TH
Valley View Cougars batting - Pitching for Winter Haven Sun Sox : LHP Markus Martin
Batting: SHB Jesús Beldad 0-0: Ground out 6-3 (Groundball, 6)
Batting: RHB Luis Rodríguez 0-0: Fly out, F9 (Flyball, 9S)
Batting: LHB Tim Gonzáles 0-0: Ball
1-0: Ball
2-0: Called Strike
2-1: Foul Ball, location: 2F
2-2: Ball
3-2: Strikes out swinging
Top of the 4th over - 0 runs, 0 hits, 0 errors, 0 left on base; Valley View 0 - Winter Haven 0
BOTTOM OF THE 4TH
Winter Haven Sun Sox batting - Pitching for Valley View Cougars : RHP Michinori Nakamura
Batting: LHB Matt McClendon 0-0: Called Strike
0-1: Ball
1-1: Foul Ball, location: 2F
1-2: Foul Ball, location: 2F
1-2: Strikes out looking
Batting: RHB Raheem Sterling 0-0: Ground out 1-3 (Groundball, P)
Batting: LHB Fernando Negrete 0-0: Swinging Strike
0-1: Ball
1-1: Called Strike
1-2: Strikes out swinging
Bottom of the 4th over - 0 runs, 0 hits, 0 errors, 0 left on base; Valley View 0 - Winter Haven 0
TOP OF THE 5TH
Valley View Cougars batting - Pitching for Winter Haven Sun Sox : LHP Markus Martin
Batting: RHB Salvador Hernández 0-0: Called Strike
0-1: Ball
1-1: Swinging Strike
1-2: Strikes out swinging
Batting: LHB Bill Stanton 0-0: Ball
1-0: Fly out, F4 (Line Drive, 4)
Batting: LHB Ricardo Yates 0-0: Ball
1-0: Foul Ball, location: 2F
1-1: Called Strike
1-2: Strikes out swinging
Top of the 5th over - 0 runs, 0 hits, 0 errors, 0 left on base; Valley View 0 - Winter Haven 0
BOTTOM OF THE 5TH
Winter Haven Sun Sox batting - Pitching for Valley View Cougars : RHP Michinori Nakamura
Batting: RHB Yu-bao Wie 0-0: Called Strike
0-1: Swinging Strike
0-2: Ball
1-2: Strikes out swinging
Batting: RHB Jeff Bowers 0-0: TRIPLE (Flyball, 89XD)
Batting: LHB Thomas Careless 0-0: Ball
1-0: Foul Ball, location: 2F
1-1: Called Strike
1-2: Ball
2-2: Fly out, F8 (Flyball, 8RS)
Batting: LHB Pat Carter 0-0: Foul Ball, location: 2F
0-1: Ball
1-1: Called Strike
1-2: Ball
2-2: Strikes out swinging
Bottom of the 5th over - 0 runs, 1 hit, 0 errors, 1 left on base; Valley View 0 - Winter Haven 0
TOP OF THE 6TH
Valley View Cougars batting - Pitching for Winter Haven Sun Sox : LHP Markus Martin
Batting: SHB Marc Cadiou 0-0: Called Strike
0-1: Swinging Strike
0-2: Strikes out swinging
Batting: RHB Gene Payne 0-0: Ball
1-0: Ball
2-0: Called Strike
2-1: Ball
3-1: Fly out, F7 (Flyball, 78D)
Batting: LHB Guan-pei Bei 0-0: Called Strike
0-1: Called Strike
0-2: Ball
1-2: Reached on error, E5 (Groundball, 56)
Batting: SHB Jesús Beldad 0-0: Ball
1-0: Called Strike
1-1: Foul Ball, location: 2F
1-2: Ball
Guan-pei Bei is caught stealing 2nd base
Top of the 6th over - 0 runs, 0 hits, 1 error, 0 left on base; Valley View 0 - Winter Haven 0
BOTTOM OF THE 6TH
Winter Haven Sun Sox batting - Pitching for Valley View Cougars : RHP Michinori Nakamura
Batting: RHB Tom Camden 0-0: Ball
1-0: Called Strike
1-1: Foul Ball, location: 2F
1-2: Ball
2-2: Ball
3-2: Base on Balls
Batting: RHB Paul Bader 0-0: Ball
1-0: Fly out, F9 (Flyball, 9LMF)
Batting: LHB Matt McClendon 0-0: Ball
Tom Camden steals 2nd base
1-0: Ball
2-0: Called Strike
2-1: Foul Ball, location: 2F
2-2: Ball
3-2: Base on Balls
Pitching: RHP Ronald Hall
Batting: RHB Raheem Sterling 0-0: Called Strike
0-1: SINGLE (Line Drive, 78S)
Tom Camden to third
Matt McClendon to second
Runner from 3rd tries for Home, SAFE, no throw
Batting: LHB Fernando Negrete 0-0: Ball
1-0: Fly out, F6 (Line Drive, 56D)
Lined into DP, 6-4 (Line Drive, 56D)
Bottom of the 6th over - 1 run, 1 hit, 0 errors, 1 left on base; Valley View 0 - Winter Haven 1
TOP OF THE 7TH
Valley View Cougars batting - Pitching for Winter Haven Sun Sox : LHP Markus Martin
Batting: SHB Jesús Beldad 0-0: Called Strike
0-1: Called Strike
0-2: Strikes out swinging
Batting: RHB Luis Rodríguez 0-0: Called Strike
0-1: Ball
1-1: Ball
2-1: Reached on error, E6 (Groundball, 6)
Batting: LHB Tim Gonzáles 0-0: Fielders Choice at 2nd, 1-6 (Groundball, 13)
Batting: RHB Salvador Hernández 0-0: Called Strike
0-1: Fly out, F6 (Flyball, 56D)
Top of the 7th over - 0 runs, 0 hits, 1 error, 1 left on base; Valley View 0 - Winter Haven 1
BOTTOM OF THE 7TH
Winter Haven Sun Sox batting - Pitching for Valley View Cougars : RHP Ronald Hall
Batting: RHB Yu-bao Wie 0-0: Ball
1-0: SINGLE (Line Drive, 7LM)
Batting: RHB Jeff Bowers 0-0: Ball
1-0: Ground out 5-3 (Groundball, 56S)
Yu-bao Wie to second
Batting: LHB Thomas Careless 0-0: Ball
1-0: Ground out 4-3 (Groundball, 4)
Yu-bao Wie to third
Batting: LHB Pat Carter 0-0: Ball
1-0: Ball
2-0: Ball
3-0: Called Strike
3-1: Swinging Strike
3-2: Ground out 4-3 (Groundball, 4M)
Bottom of the 7th over - 0 runs, 1 hit, 0 errors, 1 left on base; Valley View 0 - Winter Haven 1
TOP OF THE 8TH
Valley View Cougars batting - Pitching for Winter Haven Sun Sox : LHP Markus Martin
Batting: LHB Bill Stanton 0-0: SINGLE (Line Drive, 89M)
Batting: LHB Ricardo Yates 0-0: Bunted foul
0-1: Ball
1-1: Sac Bunt - play at first, batter OUT! 1-4
Bill Stanton to second
Batting: SHB Marc Cadiou 0-0: Swinging Strike
0-1: Called Strike
0-2: Foul Ball, location: 2F
0-2: Strikes out looking
Batting: RHB Gene Payne 0-0: Foul Ball, location: 2F
0-1: Swinging Strike
0-2: Ball
1-2: Strikes out looking
Top of the 8th over - 0 runs, 1 hit, 0 errors, 1 left on base; Valley View 0 - Winter Haven 1
BOTTOM OF THE 8TH
Winter Haven Sun Sox batting - Pitching for Valley View Cougars : RHP Ronald Hall
Batting: RHB Tom Camden 0-0: Called Strike
0-1: Fly out, F6 (Line Drive, 6)
Batting: RHB Paul Bader 0-0: Ball
1-0: Called Strike
1-1: Foul Ball, location: 2F
1-2: Ball
2-2: Foul Ball, location: 2F
2-2: Foul Ball, location: 2F
2-2: SOLO HOME RUN (Flyball, 78XD), Distance : 426 ft
Batting: LHB Matt McClendon 0-0: Fly out, F9 (Flyball, 9D)
Batting: RHB Raheem Sterling 0-0: Ball
1-0: Ball
2-0: Ground out 6-3 (Groundball, 6)
Bottom of the 8th over - 1 run, 1 hit, 0 errors, 0 left on base; Valley View 0 - Winter Haven 2
TOP OF THE 9TH
Valley View Cougars batting - Pitching for Winter Haven Sun Sox : LHP Markus Martin
Batting: LHB Guan-pei Bei 0-0: Called Strike
0-1: Foul Ball, location: 2F
0-2: Strikes out looking
Batting: SHB Jesús Beldad 0-0: Called Strike
0-1: Foul Ball, location: 2F
0-2: Ball
1-2: Strikes out swinging
Batting: RHB Luis Rodríguez 0-0: Ball
1-0: Ground out 1-3 (Groundball, 15S)
Top of the 9th over - 0 runs, 0 hits, 0 errors, 0 left on base; Valley View 0 - Winter Haven 2
Friday, March 29th, 2019 - OOTP Baseball 18.8 Build 76